 Dungeon Crawl Stone Soup version 0.27.0 (webtiles) character file.

Game seed: 11028158484635426814

3796 miscthings the Thaumaturge (level 10, -2/60 HPs)
             Began as a Djinni Conjurer on July 30, 2021.
             Was a Follower of Makhleb.
             Killed from afar by an ogre mage (25 damage)
             ... with a bolt of magma
             ... on level 8 of the Dungeon.
             The game lasted 00:13:05 (8057 turns).

miscthings the Thaumaturge (Djinni Conjurer)        Turns: 8057, Time: 00:13:07

Health: -2/60      AC:  3    Str:  4    XL:     10   Next: 39%
Gold:   345        EV: 12    Int: 27    God:    Makhleb [*.....] SH:  9 Dex: 22

rFire    + + .     SeeInvis .   u - +3 hunting sling "Goar" {flame, Drain Str-2 Int+4 Dex+10}
rCold    x . .     Faith    .   B - +0 buckler
rNeg     . . .     Spirit   .   a - +0 robe
rPois    ∞         Reflect  +   d - +0 helmet
rElec    .         Harm     .   (no cloak)
rCorr    +         Rampage  .   (no gloves)
Will     ++...                  (boots unavailable)
Stlth    ++........             j - amulet of reflection
HPRegen  0.20/turn              l - ring of resist corrosion
MPRegen  0.00/turn              v - ring of willpower

@: flying, very slightly contaminated
A: sickness immunity, fire resistance 2, cold vulnerability 1, float, innate
caster, hp casting, extra vitality 1
a: Renounce Religion


You were on level 8 of the Dungeon.
You worshipped Makhleb.
Makhleb was aware of your devotion.
You visited 2 branches of the dungeon, and saw 9 of its levels.

You collected 385 gold pieces.
You spent 40 gold pieces at shops.

Inventory:

Hand Weapons
 u - the +3 hunting sling "Goar" (weapon) {flame, Drain Str-2 Int+4 Dex+10}
   (You found it on level 4 of the Dungeon)

   Any ammunition fired from it burns those it strikes, dealing additional fire
   damage.
   Str:       It affects your strength (-2).
   Int:       It affects your intelligence (+4).
   Dex:       It affects your dexterity (+10).
   Drain:     It drains your maximum health when unequipped.
Armour
 a - a +0 robe (worn)
 d - a +0 helmet (worn)
 p - a +0 kite shield
 B - a +0 buckler (worn)
Jewellery
 j - an amulet of reflection (around neck)
 l - a ring of resist corrosion (left hand)
 v - a ring of willpower (right hand)
 w - a +6 ring of intelligence
 F - a ring of positive energy
Wands
 q - a wand of charming (11)
 s - a wand of iceblast (5)
 E - a wand of paralysis (10)
Scrolls
 b - 2 scrolls of magic mapping {unknown}
 i - 2 scrolls of teleportation
 n - 2 scrolls of immolation {unknown}
 o - a scroll of summoning
 x - 2 scrolls of identify {@r1}
 y - a scroll of enchant weapon {unknown}
 C - a scroll of vulnerability {unknown}
 D - a scroll of amnesia {unknown}
Potions
 c - a potion of berserk rage
 e - 2 potions of invisibility
 f - a potion of attraction {unknown}
 g - 2 potions of flight {unknown}
 h - 2 potions of lignification
 k - 4 potions of might
 m - 2 potions of haste
 r - 5 potions of brilliance
 t - 2 potions of heal wounds
 z - a potion of curing {unknown}
 A - 2 potions of cancellation {unknown}


   Skills:
 - Level 2.1 Dodging
 - Level 1.5 Stealth
 + Level 11.4 Spellcasting


You had 7 spell levels left.
You knew the following spells:

 Your Spells              Type           Power      Damage    Failure   Level
a - Searing Ray           Conj           100%       3d7       1%          2
b - Magic Dart            Conj           100%       1d8       1%          1
c - Stone Arrow           Conj/Erth      100%       3d13      1%          3
d - Fulminant Prism       Conj/Hex       33%        3d16      1%          4
e - Iskenderun's Mystic   Conj/Tloc      67%        2d14      1%          4
f - Shock                 Conj/Air       100%       1d9       1%          1
g - Corpse Rot            Necr/Air       N/A        N/A       1%          2
h - Dazzling Flash        Conj/Hex       100%       N/A       1%          3
z - Hailstorm             Conj/Ice       67%        3d14      1%          4
Your spell library was empty.

Dungeon Overview and Level Annotations

Branches:
Dungeon (8/15)             Temple (1/1) D:4
   Lair: D:8-11

Altars:
Ashenzari
Elyvilon
Gozag
Kikubaaqudgha
Makhleb
Nemelex Xobeh
Okawaru
Qazlal
Ru
Sif Muna
Trog
Uskayaw
Wu Jian
Xom
Yredelemnul
Zin

Shops:
D:5 *


Innate Abilities, Weirdness & Mutations

You are immune to sickness and miasma.
You are immune to poison.
Your flesh is very heat resistant. (rF++)
You are vulnerable to cold. (rC-)
You float through the air rather than walking.
You learn spells naturally, not from books.
Your magical power is your life essence.
You have superior vitality. (+4 HP)


Message History

Aim: a two-headed ogre, wielding a +0 giant spiked club and a +0 giant club (92% to hit)
The searing ray hits the two-headed ogre!
The two-headed ogre is moderately wounded. (Press . to maintain the ray.)
The searing ray hits the two-headed ogre!
The two-headed ogre is severely wounded.
The searing ray hits something!
The searing ray hits the two-headed ogre!
The two-headed ogre is almost dead.
The searing ray hits something!
Casting: Searing Ray (safe; 1% risk of failure)
Confirm with . or Enter, or press ? or * to list all spells.
You miscast Iskenderun's Mystic Blast.
You are very lightly contaminated with residual magic.
Nothing appears to happen.
You block the two-headed ogre's attack.
The two-headed ogre hits you with a +0 giant club.
Casting: Iskenderun's Mystic Blast (dangerous; 1% risk of failure)
Confirm with . or Enter, or press ? or * to list all spells.
You erupt in a blast of force!
The mystic blast hits something.
The mystic blast hits the two-headed ogre!
You kill the two-headed ogre!
Makhleb accepts your kill.
You hear a shout! x2; You hear an angry hiss.
Your Spellcasting skill increases to level 11!
Something tries to affect you, but you resist.
Things that are here:
a +0 giant spiked club; a +0 giant club
Casting: Iskenderun's Mystic Blast (dangerous; 1% risk of failure)
Confirm with . or Enter, or press ? or * to list all spells.
You erupt in a blast of force!
Casting: Iskenderun's Mystic Blast (dangerous; 1% risk of failure)
Confirm with . or Enter, or press ? or * to list all spells.
Aiming: Stone Arrow (safe; 1% risk of failure)
Press: ? - help, Shift-Dir - straight line The stone arrow hits something!!
A manticore comes into view.
You hear some strange, mumbled words.
A bolt of magma appears from out of thin air!
The bolt of magma hits you!! You partially resist.
You die...

......#.♣.♣.#
.####.#♣...♣# .#
#.....# .# ##♣.♣##
♣.♣ ♣♣♣ ♣.♣ ♣.. ♣.♣
♣.♣♣♣♣♣♣♣♣♣♣♣ ♣♣.♣♣
♣.♣.........♣
#♣...♣#♣.♣@♣♣♣♣♣♣♣.♣
#.....#♣.♣)# ♣.♣
#.PPP.♣♣.♣.# ♣.♣
#.P≈P....♣{# ♣.♣
#.PPP.♣♣.♣.####.#♣.♣
#.....#♣.♣.H.O{.#♣.♣
#♣...♣#♣.♣♣♣♣♣♣♣♣♣.♣
♣♣.♣♣ ♣........)..♣
♣.♣ ♣♣♣♣♣♣♣♣♣♣♣♣♣


You could see a manticore.

Vanquished Creatures
  A hydra (D:8)
  A two-headed ogre (D:8)
  A gargoyle (D:8)
  An ice beast (D:7)
  A black bear (D:6)
  2 ogres
  2 sky beasts (D:7)
  A centaur (D:6)
  A necrophage (D:4)
  Blork the orc (D:4)
  3 bullfrogs
  6 scorpions
  2 wyvern skeletons
  A wyvern zombie (D:8)
  A water moccasin skeleton (D:5)
  A bullfrog zombie (D:5)
  2 hounds
  2 orc priests
  6 iguanas
  Ijyb (D:4)
  3 orc wizards
  A killer bee zombie (D:7)
  2 hound skeletons (D:4)
  Robin (D:2)
  A howler monkey skeleton (D:5)
  3 gnolls (D:4)
  6 adders
  2 ufetubi
  A worm (D:3)
  23 orcs
  6 endoplasms
  2 giant cockroaches
  19 goblins
  5 hobgoblins
  10 jackals
  4 quokkas
  10 ball pythons
  5 bats
  2 frilled lizards (D:1)
  6 kobolds
  A quokka skeleton (D:4)
  4 rats
154 creatures vanquished.

Vanquished Creatures (others)
  6 fulminant prisms
  2 fungi (D:5)
  6 plants
14 creatures vanquished.

Grand Total: 168 creatures vanquished

Notes
Turn   | Place    | Note
-------+----------+-------------------------------------------
     0 | D:1      | miscthings the Djinni Conjurer began the quest for the Orb.
     0 | D:1      | Reached XP level 1. HP: 15/15 MP: 0/0
   364 | D:1      | Reached XP level 2. HP: 19/21 MP: 0/0
   758 | D:1      | Found a faded altar of an unknown god.
   789 | D:1      | Reached XP level 3. HP: 16/25 MP: 0/0
   789 | D:1      | Learned a level 1 spell: Shock
  1248 | D:2      | Reached skill level 4 in Spellcasting
  1303 | D:2      | Noticed Robin
  1371 | D:2      | Killed Robin
  1372 | D:2      | Reached XP level 4. HP: 17/31 MP: 0/0
  1980 | D:2      | Noticed a scorpion
  1990 | D:2      | Killed a scorpion
  1991 | D:2      | Reached skill level 5 in Spellcasting
  1991 | D:2      | Reached XP level 5. HP: 5/35 MP: 0/0
  1991 | D:2      | Learned a level 2 spell: Corpse Rot
  2888 | D:3      | Reached XP level 6. HP: 18/40 MP: 0/0
  3302 | D:4      | Noticed Blork the orc
  3306 | D:4      | Noticed Ijyb
  3316 | D:4      | Killed Blork the orc
  3322 | D:4      | Killed Ijyb
  3673 | D:4      | Noticed a necrophage
  3687 | D:4      | Killed a necrophage
  3688 | D:4      | Reached skill level 6 in Spellcasting
  3688 | D:4      | Reached XP level 7. HP: 32/45 MP: 0/0
  3688 | D:4      | Learned a level 3 spell: Stone Arrow
  3852 | D:4      | Found a sparkling altar of Nemelex Xobeh.
  4206 | D:4      | Identified the +3 hunting sling "Goar" {flame, Drain Str-2
                  | Int+4 Dex+10}
  4238 | D:4      | Identified the +7 short sword "Goblin's Funeral" {drain,
                  | rElec}
  4432 | D:4      | Found a staircase to the Ecumenical Temple.
  4591 | Temple   | Entered the Ecumenical Temple
  4898 | D:5      | Entered Level 5 of the Dungeon
  4942 | D:5      | Found a burning altar of Makhleb.
  4949 | D:5      | Found Kishru's CLEARANCE SALE! EVERYTHING MUST GO!.
  4981 | D:5      | Reached skill level 7 in Spellcasting
  5170 | D:5      | Became a worshipper of Makhleb the Destroyer
  5182 | D:5      | Reached XP level 8. HP: 41/50 MP: 0/0
  5184 | D:5      | Bought a potion of invisibility for 40 gold pieces
  5218 | D:5      | Found a stormy altar of Qazlal.
  6009 | D:6      | Reached skill level 8 in Spellcasting
  6217 | D:6      | Found an iron altar of Okawaru.
  6270 | D:6      | Reached XP level 9. HP: 21/55 MP: 0/0
  6270 | D:6      | Learned a level 4 spell: Hailstorm
  6677 | D:6      | Reached skill level 9 in Spellcasting
  6754 | D:6      | Found a bloodstained altar of Trog.
  7121 | D:7      | Identified the +6 halberd of Imminent Death {venom, Stlth+}
  7392 | D:7      | Reached * piety under Makhleb
  7721 | D:7      | Found a broken altar of Ashenzari.
  7997 | D:8      | Noticed a gargoyle
  8000 | D:8      | Killed a gargoyle
  8001 | D:8      | Reached skill level 10 in Spellcasting
  8018 | D:8      | Noticed a seven-headed hydra
  8026 | D:8      | Killed a seven-headed hydra
  8027 | D:8      | Reached XP level 10. HP: 41/60 MP: 0/0
  8042 | D:8      | Noticed a two-headed ogre
  8042 | D:8      | Noticed an ogre mage
  8053 | D:8      | Killed a two-headed ogre
  8054 | D:8      | Reached skill level 11 in Spellcasting
  8056 | D:8      | Noticed a manticore
  8057 | D:8      | Killed from afar by an ogre mage

Illustrated notes

Levels and vault maps discovered:
D:1:      lightli_arrival_lavapool, layout_basic,
          hellmonk_ecumenical_altar_arch_garden, serial_bayou,
          serial_bayou_pond_d, serial_bayou_crossing, serial_bayou_lagoon_a,
          serial_bayou_shore_b, minmay_split_cup_large
D:2:      layout_loops_cross, glass_columns_a, chequers_garden, uniq_robin
D:3:      layout_loops_cross, serial_forest, infiniplex_forest_end_3,
          infiniplex_forest_straight_2, infiniplex_forest_lined_3_way,
          infiniplex_forest_lined_3, infiniplex_forest_lined_corner,
          infiniplex_forest_clump_curved
D:4:      layout_basic, lemuel_tele_altar, minmay_temple_entry_nine_rooms,
          kennysheep_nub, uniq_ijyb, uniq_blork_the_orc
D:5:      layout_basic, mainiacjoe_overflow_tiny_flanked,
          grunt_qazlal_sundering, nicolae_shop_clearance
D:6:      layout_cave_pods, mainiacjoe_overflow_six_doors_small,
          lemuel_round_altar, okawaru_ov_weapons_minmay
D:7:      layout_cave_pods, pf_just_have_faith, supply_closet_lemuel
D:8:      nzn_winding_woodlands_large [nzn_winding_woodlands_hourglass,
          nzn_winding_woodlands_5x15_garden, nzn_winding_woodlands_5x5_default,
          nzn_winding_woodlands_center_triple_pond,
          nzn_winding_woodlands_15x15_boxy_spiral,
          nzn_winding_woodlands_center_lodge,
          nzn_winding_woodlands_5x5_perimeter,
          nzn_winding_woodlands_5x15_longhouse,
          nzn_winding_woodlands_5x5_cross], layout_basic,
          chequers_temple_overflow_statue_of_worship, erik_lair_orcish_takeover,
          uniq_joseph, uniq_maurice
Temple:   compressed_dpeg_triangle_lava_temple

Skill      XL: |  1  2  3  4  5  6  7  8  9 10 |
---------------+-------------------------------+-----
Spellcasting   | 4 5 6 7 8 10 11 | 11.4
Dodging        | |  2.1
Stealth        | |  1.5

Action                   |  1- 3 |  4- 6 |  7- 9 | 10-12 || total
-------------------------+-------+-------+-------+-------++-------
 Cast: Magic Dart        |    39 |       |       |       ||    39
       Searing Ray       |     8 |    45 |    47 |     1 ||   101
       Iskenderun's Myst |       |     4 |     5 |     2 ||    11
       Stone Arrow       |       |       |     5 |     1 ||     6
       Shock             |       |       |     1 |       ||     1
       Fulminant Prism   |       |       |     5 |     1 ||     6
       Hailstorm         |       |       |     1 |       ||     1
Evoke: Wand              |       |       |     1 |       ||     1
  Use: Scroll            |       |       |    11 |       ||    11
Armor: Robe              |     6 |     5 |     3 |       ||    14
Dodge: Dodged            |     8 |    20 |     8 |       ||    36
Block: Other             |       |       |     5 |       ||     5
       Buckler           |       |       |     1 |     1 ||     2
